 Dungeon Crawl Stone Soup version 0.20-a0-618-gbb8d3ca (webtiles) character file.

236 Nvm9 the Covered (level 5, 0/42 HPs)
             Began as a Demonspawn Fighter on Feb 9, 2017.
             Slain by Edmund
             ... wielding a +0 flail of protection
              (6 damage)
             ... on level 4 of the Dungeon.
             The game lasted 00:03:53 (2843 turns).

Nvm9 the Covered (Demonspawn Fighter)               Turns: 2843, Time: 00:03:54

Health: 0/42       AC:  7    Str: 17    XL:     5   Next: 77%
Magic:  5/5        EV:  7    Int:  9    God:
Gold:   154        SH:  9    Dex: 13    Spells: 4/4 levels left

rFire    . . .     SeeInvis .   a - +0 war axe
rCold    . . .     Gourm    .   b - +0 scale mail
rNeg     . . .     Faith    .   c - +0 shield
rPois    .         Spirit   .   (no helmet)
rElec    .         Reflect  .   (no cloak)
rCorr    .         Harm     .   (no gloves)
MR       .....                  (no boots)
Stlth    ..........             (no amulet)
Regen    0.2/turn               (no ring)
                                (no ring)

@: no status effects
A: claws 1, hooves 1, demonic guardian 1, powered by pain 1
a: no special abilities


You were on level 4 of the Dungeon.
You were not hungry.

You visited 1 branch of the dungeon, and saw 4 of its levels.

You collected 154 gold pieces.

Inventory:

Hand Weapons
 a - a +0 war axe (weapon)
Armour
 b - a +0 scale mail (worn)
 c - a +0 shield (worn)
Scrolls
 g - 2 scrolls of remove curse {unknown}
 h - 2 scrolls of magic mapping {unknown}
 j - 3 scrolls of identify {unknown}
 k - a scroll of enchant weapon {unknown}
 m - a scroll of teleportation {unknown}
 o - a scroll of blinking {unknown}
Potions
 d - 2 potions of might
 e - 2 potions of curing {unknown}
 l - 2 potions of brilliance {unknown}
 p - a potion of haste {unknown}
Comestibles
 f - 2 bread rations
 i - 2 royal jellies
 n - a meat ration
 q - a chunk of flesh


   Skills:
 + Level 3.9 Fighting
 + Level 3.0 Axes
 * Level 4.4 Armour
 + Level 3.3 Shields


You had 4 spell levels left.
You didn't know any spells.

Dungeon Overview and Level Annotations

Branches:
Dungeon (4/15)
 Temple: D:4-7

Altars:
Dithmenos
Trog

Annotations:
D:4 Edmund


Innate Abilities, Weirdness & Mutations

You have sharp fingernails.
You have large cloven feet.
A weak demonic guardian rushes to your aid.
You sometimes gain a little power by taking damage.


Message History

Unknown command.
Unknown command.
You see here a chunk of flesh.
q - a chunk of flesh Edmund barely misses you.
You slash Edmund! You kick Edmund, but do no damage.
Edmund is heavily wounded.
Edmund hits you but does no damage.
You hit Edmund. Your kick misses Edmund.
Edmund is heavily wounded.
Edmund hits you with a flail of protection.
* * * LOW HITPOINT WARNING * * *
You hit Edmund. You kick Edmund, but do no damage.
Edmund is severely wounded.
Edmund hits you but does no damage.
Your shield and scale mail prevent you from hitting Edmund.
Your kick misses Edmund.
Edmund is severely wounded.
Edmund hits you with a flail of protection.
You die...

####### ###......
#....####
################ #...รท#
# ...............# #....#
# ..)............# #....#
# ............%..# #....#
# .....<..@@.....###....#
# .........5............#
# ...............#####..#
# ..................
#.....
#####..............###.##
................ ...
###.............. ###
#$............. .?.....


You could see Edmund and a friendly white imp.

Vanquished Creatures
  Terence (D:3)
  3 gnolls (D:3)
  5 adders
  An ooze (D:1)
  A worm (D:2)
  2 leopard geckos (D:3)
  6 orcs (D:3)
  2 giant cockroaches
  4 goblins
  7 hobgoblins
  3 kobolds
  A quokka (D:4)
  2 ball pythons
  14 bats
  6 frilled lizards
  8 rats
66 creatures vanquished.

Vanquished Creatures (collateral kills)
  The ghost of Nvm9 the Covered, an amateur DsFi (D:3)
1 creature vanquished.

Grand Total: 67 creatures vanquished

Notes
Turn   | Place    | Note
-------+----------+-------------------------------------------
     0 | D:1      | Nvm9 the Demonspawn Fighter began the quest for the Orb.
     0 | D:1      | Reached XP level 1. HP: 18/18 MP: 1/1
    29 | D:1      | Gained mutation: You sometimes gain a little power by taking damage. [demonic ancestry]
    29 | D:1      | Reached XP level 2. HP: 23/24 MP: 2/2
   128 | D:1      | Reached skill level 3 in Armour
   590 | D:2      | Gained mutation: A weak demonic guardian rushes to your aid. [demonic ancestry]
   590 | D:2      | Reached XP level 3. HP: 19/29 MP: 3/3
  1487 | D:2      | Found a bloodstained altar of Trog.
  1616 | D:3      | Gained mutation: You have large cloven feet. [demonic ancestry]
  1616 | D:3      | Reached XP level 4. HP: 35/35 MP: 4/4
  1645 | D:3      | Found a shadowy altar of Dithmenos.
  1659 | D:3      | Noticed Nvm9's ghost (amateur DsFi)
  1664 | D:3      | Killed Nvm9's ghost
  1664 | D:3      | Reached skill level 4 in Armour
  1664 | D:3      | Gained mutation: You have sharp fingernails. [demonic ancestry]
  1664 | D:3      | Reached XP level 5. HP: 15/42 MP: 5/5
  1999 | D:3      | Noticed Terence
  2018 | D:3      | Killed Terence
  2825 | D:4      | Noticed Edmund
  2843 | D:4      | Slain by Edmund

Vault maps used:
D:1:      matt_arrival_grand_opening
D:2:      marbit_many_paths
D:3:      nicolae_overflow_hidden_temple, uniq_terence
D:4:      nicolae_ashenzari_panopticon, serial_shops, shop, first_bread,
          minmay_shop_grid_forest, uniq_edmund, uniq_eustachio

Skill      XL: |  1  2  3  4  5 |
---------------+----------------+-----
Armour         | 3 4 |  4.4
Shields        | 3 |  3.3
Axes           | 2 3 |  3.0
Fighting       | |  3.9

Action                   |  1- 3 |  4- 6 || total
-------------------------+-------+-------++-------
Melee: War axe           |   170 |    98 ||   268
       Kick              |       |    25 ||    25
  Eat: Chunk             |     3 |     4 ||     7
Armor: Scale mail        |    89 |    30 ||   119
Dodge: Dodged            |    56 |    44 ||   100
Block: Shield            |   100 |    43 ||   143
